 Dungeon Crawl Stone Soup version 0.20-a0-4-gd166d5d (webtiles) character file.

42 JeffiDaFish the Shield-Bearer (level 3, -1/24 HPs)
             Began as a Gargoyle Fighter on Nov 1, 2016.
             Slain by a gnoll
             ... wielding a +1 flail of protection
              (7 damage)
             ... on level 2 of the Dungeon.
             The game lasted 00:04:04 (921 turns).

JeffiDaFish the Shield-Bearer (Gargoyle Fighter)     Turns: 921, Time: 00:04:04

Health: -1/24      AC: 10    Str: 20    XL:     3   Next: 54%
Magic:  3/3        EV:  7    Int:  8    God:
Gold:   32         SH:  9    Dex:  9    Spells: 0 memorised, 2 levels left

rFire  . . .     SeeInvis .     a - +0 rapier
rCold  . . .     Gourm    .     b - +0 scale mail
rNeg   + . .     Faith    .     c - +0 shield
rPois  ∞         Spirit   .     (no helmet)
rElec  +         Reflect  .     (no cloak)
rCorr  .         Harm     .     (no gloves)
MR     +....                    (no boots)
Stlth  ..........               (no amulet)
                                (no ring)
                                (no ring)

@: no status effects
A: magic resistance 1, negative energy resistance 1, electricity resistance,
unbreathing, petrification resistance, rot immunity, AC +3
a: no special abilities


You were on level 2 of the Dungeon.
You were not hungry.

You visited 1 branch of the dungeon, and saw 2 of its levels.

You collected 32 gold pieces.

Inventory:

Hand Weapons
 a - a +0 rapier (weapon)
Armour
 b - a +0 scale mail (worn)
 c - a +0 shield (worn)
Scrolls
 e - 2 scrolls of identify
Potions
 d - a potion of might
Comestibles
 f - a bread ration
 g - 8 chunks of flesh
 h - a meat ration
 i - a royal jelly


   Skills:
 + Level 3.8 Fighting
 + Level 2.0 Short Blades
 + Level 3.5 Armour
 + Level 0.1 Dodging
 + Level 0.2 Stealth
 + Level 3.9 Shields


You had 2 spell levels left.
You didn't know any spells.

Dungeon Overview and Level Annotations

Branches:
Dungeon (2/15)

Altars:
Vehumet


Innate Abilities, Weirdness & Mutations

You are resistant to torment.
Your stone body is resilient. (AC +3)
You are immune to poison.
You resist negative energy. (rN+)
You are resistant to electric shocks. (rElec)
You can survive without breathing.
You are immune to petrification.
You are immune to rotting.
You are resistant to hostile enchantments. (MR+)


Message History

A gnoll comes into view. It is wielding a spear.
The gnoll shouts!
The gnoll hits you with a flail of protection.
A giant cockroach comes into view.
You hit the gnoll but do no damage.
The gnoll hits you with a flail of protection.
* * * LOW HITPOINT WARNING * * *
You are too injured to fight recklessly!
You are too injured to fight recklessly!
You are too injured to fight recklessly!
You are too injured to fight recklessly!
You closely miss the gnoll. The giant cockroach bites you.
* * * LOW HITPOINT WARNING * * *
The gnoll hits you but does no damage.
Your shield and scale mail prevent you from hitting the gnoll.
You block the giant cockroach's attack. You block the gnoll's attack.
The giant cockroach bites you but does no damage.
Your shield and scale mail prevent you from hitting the gnoll.
The gnoll hits you with a flail of protection!
You die...

#..#..#.....# .#
..###.....##....#..#
#.........#.[$......
..........<.........
#####..#..#.........
#........$...... #
#####............
._.##.#...)..##.#.....?
.....gg@......#)#######
......s...........
...##.#..#......## ..
......#.......#
............#.....
.....(...#.###...#.
##.#..#.<... ....
..#...<.# #


You could see 2 gnolls and a giant cockroach.

Vanquished Creatures
  A gnoll (D:2)
  2 worms (D:2)
  A dart slug (D:1)
  2 bats
  3 giant cockroaches
  3 goblins (D:1)
  A hobgoblin (D:1)
  3 jackals (D:2)
  3 kobolds (D:1)
  2 frilled lizards (D:1)
  2 rats (D:1)
23 creatures vanquished.

Notes
Turn   | Place    | Note
-------+----------+-------------------------------------------
     0 | D:1      | JeffiDaFish the Gargoyle Fighter began the quest for the Orb.
     0 | D:1      | Reached XP level 1. HP: 14/14 MP: 1/1
    67 | D:1      | Reached XP level 2. HP: 17/19 MP: 2/2
   420 | D:1      | Gained mutation: You are resistant to hostile enchantments. (MR+) [potion of beneficial mutation]
   736 | D:2      | Reached XP level 3. HP: 11/24 MP: 3/3
   916 | D:2      | Found a radiant altar of Vehumet.
   921 | D:2      | Slain by a gnoll

Vault maps used:
D:1:      erik_arrival_triangle_medium
D:2:      overflow_temple_1_default

Skill      XL: |  1  2 |
---------------+-------+-----
Short Blades   | 2 |  2.0
Fighting       | |  3.8
Armour         | |  3.5
Dodging        | |  0.1
Stealth        | |  0.2
Shields        | |  3.9

Action                   || total
-------------------------++-------
Melee: Rapier            ||   108
  Use: Potion            ||     3
       Scroll            ||     2
Armor: Scale mail        ||    67
Dodge: Dodged            ||    48
Block: Shield            ||    69
